 Dungeon Crawl Stone Soup version 0.27-a0-633-gc6addc0a40 (webtiles) character file.

Game seed: 9020574594707395896

11972 scammafunk the Spear-Bearer (level 11, -4/99 HPs)
             Began as a Minotaur Fighter on Mar 13, 2021.
             Was an Elder of Qazlal.
             Killed from afar by a manticore (15 damage)
             ... with a volley of spikes
             ... on level 11 of the Dungeon.
             The game lasted 00:44:12 (11111 turns).

scammafunk the Spear-Bearer (Minotaur Fighter)     Turns: 11111, Time: 00:44:12

Health: -4/99      AC: 22    Str: 25    XL:     11   Next: 56%
Magic:  1/15       EV:  7    Int:  5    God:    Qazlal [****..]
Gold:   715        SH: 17    Dex:  9    Spells: 10/10 levels left

rFire    . . .     SeeInvis .   w - +2 trident (freeze)
rCold    . . .     Faith    .   c - +0 kite shield
rNeg     . . .     Spirit   .   C - +3 chain mail
rPois    .         Reflect  .   (helmet restricted)
rElec    .         Harm     .   j - +2 cloak
rCorr    .         Rampage  .   y - +0 pair of gloves
Will     .....                  p - +1 pair of boots
Stlth    ..........             (no amulet)
HPRegen  0.26/turn              (no ring)
MPRegen  0.14/turn              (no ring)

@: mighty, spiked, repel missiles
A: horns 2, retaliatory headbutt
a: Renounce Religion, Upheaval, Elemental Force


You were on level 11 of the Dungeon.
You worshipped Qazlal.
Qazlal was greatly pleased with you.
You visited 3 branches of the dungeon, and saw 13 of its levels.

You collected 715 gold pieces.

Inventory:

Hand Weapons
 w - a +2 trident of freezing (weapon)
Armour
 c - a +0 kite shield (worn)
 j - a +2 cloak (worn)
 p - a +1 pair of boots (worn)
 y - a +0 pair of gloves (worn)
 C - a +3 chain mail (worn)
Jewellery
 i - a ring of poison resistance
 q - a ring of protection from cold
Wands
 f - a wand of iceblast (17)
 n - a wand of polymorph (7)
 u - a wand of digging (3)
 B - a wand of acid (12)
Scrolls
 b - 2 scrolls of random uselessness {unknown}
 e - 6 scrolls of teleportation
 h - 2 scrolls of magic mapping {unknown}
 k - 2 scrolls of enchant armour
 l - 7 scrolls of identify
 s - a scroll of amnesia
 v - a scroll of blinking
 x - a scroll of summoning {unknown}
Potions
 a - a potion of brilliance {unknown}
 d - 4 potions of might
 g - 6 potions of curing
 o - a potion of haste {unknown}
 r - a potion of berserk rage {unknown}
 t - 2 potions of heal wounds {unknown}
 z - a potion of attraction {unknown}
 A - a potion of lignification {unknown}
 D - a potion of magic {unknown}
Miscellaneous
 m - a lightning rod (4/4)


   Skills:
 + Level 10.1 Fighting
 + Level 12.0 Polearms
 + Level 10.1 Armour
 + Level 10.1 Shields
 + Level 7.6 Invocations


You had 10 spell levels left.
You didn't know any spells.
Your spell library was empty.

Dungeon Overview and Level Annotations

Branches:
Dungeon (11/15)            Temple (1/1) D:6             Orc (1/2) D:10
   Lair: D:8-11

Altars:
Ashenzari
Cheibriados
Dithmenos
Elyvilon
Fedhas
Gozag
Hepliaklqana
Kikubaaqudgha
Makhleb
Nemelex Xobeh
Okawaru
Qazlal
Ru
Sif Muna
Trog
Uskayaw
Vehumet
Wu Jian
Xom
Yredelemnul
Zin
The Shining One

Shops:
D:8 (   D:11 [

Annotations:
D:7 1 exclusion


Innate Abilities, Weirdness & Mutations

You have a pair of horns on your head.
You reflexively headbutt those who attack you in melee.


Message History

The death yak gores you.
* * * LOW HITPOINT WARNING * * *
Something completely misses your fire elemental.
You hit the death yak. You freeze the death yak. You headbutt the death yak!
The death yak is severely wounded.
Your fire elemental hits the yak.
Your fire elemental burns the yak!
Your fire elemental hits the death yak.
Your fire elemental burns the death yak!
The yak gores your fire elemental!
Your fire elemental is destroyed!
The death yak is engulfed in blazing flames.
The death yak gores you!
* * * LOW HITPOINT WARNING * * *
The manticore bites your earth elemental!
The manticore claws your earth elemental but does no damage. x2
Your earth elemental barely misses the death yak.
Your earth elemental closely misses the manticore.
You feel better.
Your fire elemental hits the death yak.
Your fire elemental burns the death yak!
The death yak dies!
Qazlal accepts your kill.
The manticore completely misses your earth elemental.
The manticore claws your earth elemental but does no damage. x2
Your fire elemental closely misses the manticore.
Your Polearms skill increases to level 12!
The manticore flicks its tail.
The volley of spikes is repelled.
Your earth elemental hits the manticore!
Your fire elemental hits the manticore.
Your fire elemental burns the manticore!
Your fire elemental disappears in a puff of smoke!
Your earth elemental disappears in a puff of smoke!
The manticore bites your earth elemental!
Your earth elemental is destroyed!
The yak is engulfed in freezing vapours.
You feel very mighty all of a sudden.
The manticore flicks its tail.
The volley of spikes hits you!
The barbed spikes become lodged in your body.
You die...

#......#.).#..#....
#####..#...#.......#
.. #..#)..#.......#
... #..#...#.......#
....#..#...#.......#
#...#..#...........#
.. #..#..........☼#
#..#..K..Y....○#
#..#.).#Y.Y.@..#
#....K)#H°§....#
#...Y.H#○.○○.○.#
#..Y...#..°....#
#..#...#..######
#).#.B.#..# ...
#...#..# .. #...#..#
#..#


You could see a manticore, 3 yaks and a kobold.

Vanquished Creatures
  A boulder beetle (D:11)
  Erica (D:10)
  2 two-headed ogres (D:10)
  2 death yaks (D:11)
  Pikel (D:7)
  An efreet (D:10)
  2 trolls
  A hornet (D:10)
  2 humans (D:7)
  A yak (D:6)
  2 wyverns
  Grum (D:11)
  7 orc warriors
  3 ice beasts
  2 sky beasts
  A black bear (D:7)
  A necrophage (D:9)
  3 ogres
  4 wolves (D:11)
  5 centaurs
  4 phantoms
  2 kobold brigands
  A gnoll sergeant (D:8)
  2 bullfrogs
  2 scorpions
  4 killer bees (D:10)
  16 wights
  3 quasits
  7 hounds
  A centaur zombie (D:8)
  2 jellies
  Crazy Yiuf (D:3)
  8 orc priests
  An iron imp (D:9)
  A gnoll shaman (D:8)
  Jessica (D:2)
  2 iguanas
  9 orc wizards
  Ijyb (D:3)
  Terence (D:2)
  Natasha (D:4)
  7 worker ants
  A hell rat (D:11)
  A killer bee zombie (D:7)
  A hound zombie (D:6)
  2 hound skeletons
  4 gnolls (D:8)
  10 adders
  2 ufetubi (D:6)
  An ooze (D:3)
  An adder zombie (D:9)
  A worm (D:3)
  3 dart slugs
  6 leopard geckos
  69 orcs
  2 ball pythons
  3 giant cockroaches
  5 hobgoblins
  20 jackals
  5 quokkas
  7 bats
  8 frilled lizards
  14 goblins
  16 kobolds
  A leopard gecko zombie (D:7)
  6 rats
309 creatures vanquished.

Vanquished Creatures (collateral kills)
  A death yak (D:11)
  A kobold brigand (D:11)
2 creatures vanquished.

Vanquished Creatures (others)
  8 plants
8 creatures vanquished.

Grand Total: 319 creatures vanquished

Notes
Turn   | Place    | Note
-------+----------+-------------------------------------------
     0 | D:1      | scammafunk the Minotaur Fighter began the quest for the
                  | Orb.
     0 | D:1      | Reached XP level 1. HP: 19/19 MP: 0/0
   133 | D:1      | Reached XP level 2. HP: 27/27 MP: 1/1
   242 | D:1      | Reached skill level 3 in Polearms
   630 | D:2      | Found a stormy altar of Qazlal.
   649 | D:2      | Became a worshipper of Qazlal Stormbringer
   774 | D:2      | Reached XP level 3. HP: 33/33 MP: 2/2
   848 | D:2      | Noticed Terence
   861 | D:2      | Killed Terence
   862 | D:2      | Reached XP level 4. HP: 35/40 MP: 3/3
  1064 | D:2      | Reached skill level 4 in Polearms
  1387 | D:2      | Noticed Jessica
  1406 | D:2      | Killed Jessica
  1507 | D:2      | Reached * piety under Qazlal
  1643 | D:3      | Reached XP level 5. HP: 46/47 MP: 4/4
  1694 | D:3      | Reached skill level 1 in Invocations
  1731 | D:3      | Noticed Ijyb
  1864 | D:3      | Killed Ijyb
  2074 | D:3      | Reached ** piety under Qazlal
  2159 | D:3      | Reached skill level 5 in Polearms
  2159 | D:3      | Reached XP level 6. HP: 55/55 MP: 1/6
  2271 | D:3      | Found a runed translucent door.
  2272 | D:3      | Noticed Crazy Yiuf
  2282 | D:3      | Killed Crazy Yiuf
  2623 | D:4      | Reached skill level 5 in Fighting
  2637 | D:4      | Reached skill level 5 in Armour
  2664 | D:4      | Reached skill level 5 in Shields
  2666 | D:4      | Found a sacrificial altar of Ru.
  2945 | D:4      | Noticed Natasha
  2948 | D:4      | Killed Natasha
  2955 | D:4      | Reached XP level 7. HP: 61/61 MP: 7/7
  3132 | D:5      | Entered Level 5 of the Dungeon
  3158 | D:5      | Reached skill level 6 in Polearms
  3950 | D:5      | Found a radiant altar of Vehumet.
  3954 | D:5      | Identified the +0 robe of the Saviour {Harm +Blink rN+}
  4526 | D:6      | Reached skill level 7 in Polearms
  4526 | D:6      | Reached XP level 8. HP: 70/70 MP: 9/9
  4569 | D:5      | Found a hide-covered altar of Uskayaw.
  4569 | D:5      | Found a broken altar of Ashenzari.
  4572 | D:5      | Found a sparkling altar of Nemelex Xobeh.
  4725 | D:6      | Reached *** piety under Qazlal
  4779 | D:6      | Found an ancient bone altar of Kikubaaqudgha.
  4941 | D:6      | Found a staircase to the Ecumenical Temple.
  4970 | Temple   | Entered the Ecumenical Temple
  5410 | D:6      | Reached skill level 8 in Polearms
  5589 | D:6      | Found a bloodstained altar of Trog.
  6012 | D:6      | HP: 2/71 [electric eel/bolt of electricity (14)]
  6756 | D:7      | Reached XP level 9. HP: 68/78 MP: 11/11
  6972 | D:7      | Reached skill level 9 in Polearms
  7192 | D:7      | Noticed Pikel
  7199 | D:7      | Killed Pikel
  7240 | D:7      | Noticed a troll
  7247 | D:7      | Killed a troll
  7248 | D:7      | Reached skill level 5 in Invocations
  7523 | D:7      | Reached skill level 10 in Polearms
  7535 | D:7      | Reached **** piety under Qazlal
  7716 | D:7      | Found an iron altar of Okawaru.
  8095 | D:8      | Reached XP level 10. HP: 88/88 MP: 13/13
  8126 | D:8      | Found Ximuywey's Weapon Emporium.
  8544 | D:8      | Found a glowing golden altar of the Shining One.
  8960 | D:9      | Found a snail-covered altar of Cheibriados.
  9039 | D:9      | Found a shadowy altar of Dithmenos.
  9302 | D:9      | Found a glowing silver altar of Zin.
  9432 | D:9      | Reached ***** piety under Qazlal
  9671 | D:10     | Entered Level 10 of the Dungeon
  9700 | D:10     | Found a shimmering blue altar of Sif Muna.
  9760 | D:10     | Noticed Erica
  9771 | D:10     | Reached skill level 11 in Polearms
  9780 | D:10     | Killed Erica
  9818 | D:10     | Noticed a two-headed ogre
  9823 | D:10     | Killed a two-headed ogre
 10037 | D:10     | Paralysed by a hornet for 1 turns
 10206 | D:10     | Reached XP level 11. HP: 97/97 MP: 15/15
 10241 | D:10     | Found a staircase to the Orcish Mines.
 10325 | D:10     | Noticed a two-headed ogre
 10335 | D:10     | Killed a two-headed ogre
 10571 | Orc:1    | Entered Level 1 of the Orcish Mines
 10572 | Orc:1    | Noticed a two-headed ogre
 10621 | D:11     | Noticed a boulder beetle
 10645 | D:11     | Killed a boulder beetle
 10646 | D:11     | Noticed Grum
 10656 | D:11     | Killed Grum
 10991 | D:11     | Found Soohivuot's Antique Armour Boutique.
 11069 | D:11     | Noticed a death yak
 11074 | D:11     | Noticed a death yak
 11076 | D:11     | Noticed a boulder beetle
 11084 | D:11     | Killed a death yak
 11085 | D:11     | Noticed a death yak
 11089 | D:11     | Killed a death yak
 11090 | D:11     | Reached skill level 10 in Fighting
 11090 | D:11     | Reached skill level 10 in Armour
 11090 | D:11     | Reached skill level 10 in Shields
 11107 | D:11     | HP: 2/99 [death yak (15)]
 11108 | D:11     | Killed a death yak
 11109 | D:11     | Reached skill level 12 in Polearms
 11111 | D:11     | Killed from afar by a manticore

Illustrated notes

Levels and vault maps discovered:
D:1:      mushboom_english_gardens, layout_basic, grunt_decor_mini_mirrors
D:2:      layout_loops_cross, old_standard_altar, uniq_terence, uniq_jessica
D:3:      layout_rooms, chequers_serial_rivers_small_3, uniq_ijyb,
          uniq_crazy_yiuf_cottage
D:4:      layout_basic, nicolae_ru_sacrificial_ziggurat, uniq_natasha
D:5:      layout_loops_corners, lemuel_round_altar,
          nicolae_overflow_hidden_temple
D:6:      cheibrodos_two_vegetables, layout_basic, grunt_temple_overflow_open,
          minmay_temple_entry_waves, hangedman_abyss_or_decor_slice,
          chequers_serial_rivers_large_b
D:7:      corexii_shack_village, layout_loops_ring, okawaru_humans, uniq_pikel
D:8:      layout_loops_cross, marbit_many_paths, serial_shops, shop
D:9:      layout_roguey, zin_scriptorium, slow_altar_1, kennysheep_mini
D:10:     layout_gridville, orc_0_dummy, lemuel_tele_altar, uniq_erica
D:11:     layout_grid_maze, dpeg_lair_monsters, basic_altar, serial_shops, shop,
          uniq_grum
Temple:   zaba_magenta_temple
Orc:1:    layout_caves, serial_shops, nicolae_shop_trees

Skill      XL: |  1  2  3  4  5  6  7  8  9 10 11 |
---------------+----------------------------------+-----
Polearms       | 3 4 5 7 8 10 11 12 | 12.0
Fighting       | 4 5 6 8 9 10 | 10.1
Armour         | 4 5 6 7 9 10 | 10.1
Shields        | 4 5 6 7 9 10 | 10.1
Invocations    | 1 2 3 4 5 6 7 |  7.6

Action                   |  1- 3 |  4- 6 |  7- 9 | 10-12 || total
-------------------------+-------+-------+-------+-------++-------
Melee: Trident           |    92 |   192 |   442 |   351 ||  1077
       Headbutt          |    17 |    24 |    62 |    46 ||   149
       Unarmed           |       |     7 |       |       ||     7
Invok: Upheaval          |       |     1 |     2 |     2 ||     5
       Elemental Force   |       |       |       |     2 ||     2
       Disaster Area     |       |       |       |     1 ||     1
  Use: Scroll            |       |     8 |       |       ||     8
       Potion            |       |     1 |       |     2 ||     3
Armor: Scale mail        |    26 |       |       |       ||    26
       Plate armour      |    21 |   119 |   138 |    33 ||   311
       Chain mail        |       |       |       |    64 ||    64
Dodge: Dodged            |    21 |    29 |    50 |    30 ||   130
       Repelled          |       |       |       |     2 ||     2
Block: Kite shield       |    60 |   121 |   252 |   230 ||   663
       Other             |       |     2 |       |       ||     2

Table legend: (Time is in decaauts)
 A = Elapsed time spent in this place.
 B = Non-inter-level travel time spent in this place.
 C = Inter-level travel time spent in this place.
 D = Time resting spent in this place.
 E = Time spent auto-exploring this place.
 F = Levels seen in this place.
 G = Mean time per level.
                   A        B        C        D        E       F      G
               +--------+--------+--------+--------+--------+-----+--------+
         Total |  11274 |  10905 |    369 |   1665 |   6927 |  13 |  867.2 |
       Dungeon |  11198 |  10847 |    351 |   1665 |   6873 |  11 | 1018.0 |
        Temple |     73 |     55 |     18 |      0 |     54 |   1 |   73.0 |
  Orcish Mines |      1 |      1 |      0 |      0 |      0 |   1 |    1.0 |
               +--------+--------+--------+--------+--------+-----+--------+

Top non-repeatable levels by time:
     D:6: 2206 daAuts
     D:7: 1403 daAuts
     D:5: 1335 daAuts
     D:2: 1183 daAuts
    D:10: 911 daAuts
     D:8: 891 daAuts
     D:3: 775 daAuts
     D:9: 739 daAuts
     D:4: 669 daAuts
     D:1: 606 daAuts
    D:11: 476 daAuts
  Temple: 73 daAuts
   Orc:1: 1 daAuts
